NCAA
LOUISVILLE CARDINALS @ DUKE BLUE DEVILS
05/28/2027
 
TOP OF THE 1ST
Louisville Cardinals batting - Pitching for Duke Blue Devils : RHP Nick Cooper
Pitching: RHP Nick Cooper
Batting: RHB Victor Gilbert 0-0: Fly out, F7 (Flyball, 7S)
Batting: RHB Bobby Hendricks 0-0: Ball
1-0: Ground out 6-3 (Groundball, 56)
Batting: RHB James Everhart 0-0: Called Strike
0-1: Foul Ball, location: 2F
0-2: Strikes out swinging
Top of the 1st over - 0 run(s), 0 hit(s), 0 error(s), 0 left on base; Louisville 0 - Duke 0
BOTTOM OF THE 1ST
Duke Blue Devils batting - Pitching for Louisville Cardinals : RHP Adam Lawson
Pitching: RHP Adam Lawson
Batting: SHB Tomás Sánchez 0-0: Ball
1-0: Foul Ball, location: 2F
1-1: Swinging Strike
1-2: Ball
2-2: Ball
3-2: Ground out 3-1 (Groundball, 34)
Batting: RHB Matt Osborne 0-0: Called Strike
0-1: Ground out 1-3 (Groundball, 15S)
Batting: LHB Francisco Ríos 0-0: Ball
1-0: Foul Ball, location: 2F
1-1: Ball
2-1: Ball
3-1: Ground out 4-3 (Groundball, 4)
Bottom of the 1st over - 0 run(s), 0 hit(s), 0 error(s), 0 left on base; Louisville 0 - Duke 0
TOP OF THE 2ND
Louisville Cardinals batting - Pitching for Duke Blue Devils : RHP Nick Cooper
Batting: RHB Doug Bell 0-0: Ball
1-0: Swinging Strike
1-1: Ground out 6-3 (Groundball, 6MS)
Batting: RHB Mike Harris 0-0: Ball
1-0: Swinging Strike
1-1: Ball
2-1: SINGLE (Line Drive, 6MD)
Batting: RHB Michael Harris 0-0: Ball
1-0: Ball
2-0: Hit by Pitch
Mike Harris to second
Batting: RHB Scott Cabrera 0-0: Foul Ball, location: 2F
0-1: SINGLE (Groundball, 25) (infield hit)
Mike Harris to third
Michael Harris to second
Batting: RHB Justin Tomlinson 0-0: Called Strike
0-1: Ball
1-1: Ball
2-1: Ball
3-1: Swinging Strike
3-2: GRAND SLAM HOME RUN (Line Drive, 7D), Distance : 349 ft
Batting: RHB Troy Legge 0-0: Called Strike
0-1: Foul Ball, location: 2F
0-2: Fly out, F8 (Flyball, 8RD)
Batting: RHB Victor Gilbert 0-0: Foul Ball, location: 2F
0-1: Ball
1-1: Swinging Strike
1-2: Ball
2-2: Strikes out looking
Top of the 2nd over - 4 run(s), 3 hit(s), 0 error(s), 0 left on base; Louisville 4 - Duke 0
BOTTOM OF THE 2ND
Duke Blue Devils batting - Pitching for Louisville Cardinals : RHP Adam Lawson
Batting: LHB Dennis King 0-0: Foul Ball, location: 2F
0-1: Ball
1-1: Ball
2-1: Called Strike
2-2: Ball
3-2: Fly out, F7 (Flyball, 7)
Batting: RHB Peter Hernández 0-0: Called Strike
0-1: Swinging Strike
0-2: Foul Ball, location: 2F
0-2: Foul Ball, location: 2F
0-2: Ball
1-2: Strikes out swinging
Batting: RHB Randall Walker 0-0: Ball
1-0: Swinging Strike
1-1: Ball
2-1: Ball
3-1: Reached on error, E5 (Groundball, 56S)
Batting: LHB Cade Brown 0-0: Foul Ball, location: 2F
0-1: Ball
1-1: Foul Ball, location: 2F
1-2: Ball
2-2: SINGLE (Groundball, 6MS) (infield hit)
Randall Walker to third
Batting: RHB Danny Morrison 0-0: Ball
1-0: Called Strike
1-1: Fly out, F6 (Line Drive, 6M)
Bottom of the 2nd over - 0 run(s), 1 hit(s), 1 error(s), 2 left on base; Louisville 4 - Duke 0
TOP OF THE 3RD
Louisville Cardinals batting - Pitching for Duke Blue Devils : RHP Nick Cooper
Batting: RHB Bobby Hendricks 0-0: Ball
1-0: Foul Ball, location: 2F
1-1: Fly out, F9 (Flyball, 89M)
Batting: RHB James Everhart 0-0: Foul Ball, location: 2F
0-1: Ball
1-1: Called Strike
1-2: Foul Ball, location: 2F
1-2: Ground out 4-3 (Groundball, 4)
Batting: RHB Doug Bell 0-0: Ball
1-0: Foul Ball, location: 2F
1-1: Ball
2-1: Foul Ball, location: 2F
2-2: Ball
3-2: Base on Balls
Batting: RHB Mike Harris 0-0: Hit by Pitch
Doug Bell to second
Batting: RHB Michael Harris 0-0: Swinging Strike
0-1: Foul Ball, location: 2F
0-2: Strikes out swinging
Top of the 3rd over - 0 run(s), 0 hit(s), 0 error(s), 2 left on base; Louisville 4 - Duke 0
BOTTOM OF THE 3RD
Duke Blue Devils batting - Pitching for Louisville Cardinals : RHP Adam Lawson
Batting: RHB Bob Ferguson 0-0: Called Strike
0-1: Ball
1-1: Called Strike
1-2: Strikes out swinging
Batting: SHB Tomás Sánchez 0-0: Ground out 3-1 (Groundball, 34S)
Batting: RHB Matt Osborne 0-0: Ball
1-0: Called Strike
1-1: Ball
2-1: Called Strike
2-2: Foul Ball, location: 2F
2-2: Fly out, F3 (Line Drive, 3)
Bottom of the 3rd over - 0 run(s), 0 hit(s), 0 error(s), 0 left on base; Louisville 4 - Duke 0
TOP OF THE 4TH
Louisville Cardinals batting - Pitching for Duke Blue Devils : RHP Nick Cooper
Batting: RHB Scott Cabrera 0-0: Ground out U3 (Groundball, 3)
Batting: RHB Justin Tomlinson 0-0: Ball
1-0: Ball
2-0: Ball
3-0: Base on Balls
Batting: RHB Troy Legge 0-0: Ball
1-0: Swinging Strike
1-1: SINGLE (Groundball, 34D)
Justin Tomlinson to second
Runner from 2nd tries for 3rd, SAFE, throw made to third
Batting: RHB Victor Gilbert 0-0: Ball
1-0: Foul Ball, location: 2F
1-1: Foul Ball, location: 2F
1-2: Foul Ball, location: 2F
1-2: Strikes out looking
Batting: RHB Bobby Hendricks 0-0: Swinging Strike
0-1: Foul Ball, location: 2F
0-2: Strikes out swinging
Top of the 4th over - 0 run(s), 1 hit(s), 0 error(s), 2 left on base; Louisville 4 - Duke 0
BOTTOM OF THE 4TH
Duke Blue Devils batting - Pitching for Louisville Cardinals : RHP Adam Lawson
Batting: LHB Francisco Ríos 0-0: Ball
1-0: Called Strike
1-1: Foul Ball, location: 2F
1-2: Fly out, F8 (Flyball, 8LM)
Batting: LHB Dennis King 0-0: Swinging Strike
0-1: Ball
1-1: Swinging Strike
1-2: Foul Ball, location: 2F
1-2: Strikes out swinging
Batting: RHB Peter Hernández 0-0: Fly out, F2 (Popup, 23)
Bottom of the 4th over - 0 run(s), 0 hit(s), 0 error(s), 0 left on base; Louisville 4 - Duke 0
TOP OF THE 5TH
Louisville Cardinals batting - Pitching for Duke Blue Devils : RHP Nick Cooper
Batting: RHB James Everhart 0-0: Ball
1-0: Ball
2-0: Foul Ball, location: 2F
2-1: Foul Ball, location: 2F
2-2: Strikes out swinging
Batting: RHB Doug Bell 0-0: Reached on error, E5 (Groundball, 56)
Batting: RHB Mike Harris 0-0: Called Strike
0-1: Swinging Strike
0-2: Foul Ball, location: 2F
0-2: Foul Ball, location: 2F
0-2: SINGLE (Groundball, 34D)
Doug Bell to second
Runner from 2nd tries for 3rd, SAFE, no throw
Batting: RHB Michael Harris 0-0: Called Strike
0-1: Called Strike
0-2: Foul Ball, location: 2F
0-2: Strikes out swinging
Pitching: RHP Albert Holcomb
Batting: RHB Scott Cabrera 0-0: Called Strike
0-1: Ball
1-1: Ball
2-1: Ball
3-1: Base on Balls
Mike Harris to second
Batting: RHB Justin Tomlinson 0-0: Swinging Strike
0-1: SINGLE (Groundball, 56D)
Doug Bell scores
Mike Harris to third
Scott Cabrera to second
Runner from 3rd tries for Home, SAFE, no throw
Batting: RHB Troy Legge 0-0: Ball
1-0: Ball
2-0: Called Strike
2-1: Foul Ball, location: 2F
2-2: Ball
3-2: Foul Ball, location: 2F
3-2: Strikes out swinging
Top of the 5th over - 2 run(s), 2 hit(s), 1 error(s), 2 left on base; Louisville 6 - Duke 0
BOTTOM OF THE 5TH
Duke Blue Devils batting - Pitching for Louisville Cardinals : RHP Adam Lawson
Batting: RHB Randall Walker 0-0: Ball
1-0: Foul Ball, location: 2F
1-1: Fly out, F4 (Popup, 34D)
Batting: LHB Cade Brown 0-0: Called Strike
0-1: Ball
1-1: Foul Ball, location: 2F
1-2: Foul Ball, location: 2F
1-2: Strikes out swinging
Batting: RHB Danny Morrison 0-0: Ball
1-0: Called Strike
1-1: Foul Ball, location: 2F
1-2: Ground out 6-3 (Groundball, 56)
Bottom of the 5th over - 0 run(s), 0 hit(s), 0 error(s), 0 left on base; Louisville 6 - Duke 0
TOP OF THE 6TH
Louisville Cardinals batting - Pitching for Duke Blue Devils : RHP Albert Holcomb
Batting: RHB Victor Gilbert 0-0: Foul Ball, location: 2F
0-1: Ball
1-1: Ball
2-1: Foul Ball, location: 2F
2-2: Foul Ball, location: 2F
2-2: Foul Ball, location: 2F
2-2: Strikes out swinging
Batting: RHB Bobby Hendricks 0-0: Called Strike
0-1: Foul Ball, location: 2F
0-2: Foul Ball, location: 2F
0-2: Ball
1-2: Ball
2-2: Foul Ball, location: 2F
2-2: Strikes out looking
Batting: RHB James Everhart 0-0: Ball
1-0: Called Strike
1-1: Foul Ball, location: 2F
1-2: Ball
2-2: Foul Ball, location: 2F
2-2: Ground out 5-3 (Groundball, 56)
Top of the 6th over - 0 run(s), 0 hit(s), 0 error(s), 0 left on base; Louisville 6 - Duke 0
BOTTOM OF THE 6TH
Duke Blue Devils batting - Pitching for Louisville Cardinals : RHP Adam Lawson
Batting: RHB Bob Ferguson 0-0: SINGLE (Groundball, 6MD)
Batting: SHB Tomás Sánchez 0-0: Ball
1-0: Ball
2-0: Called Strike
2-1: Grounds into double play, 4-6-3 (Groundball, 4)
Batting: RHB Matt Osborne 0-0: Foul Ball, location: 2F
0-1: Foul Ball, location: 2F
0-2: Ball
1-2: Strikes out swinging
Bottom of the 6th over - 0 run(s), 1 hit(s), 0 error(s), 0 left on base; Louisville 6 - Duke 0
TOP OF THE 7TH
Louisville Cardinals batting - Pitching for Duke Blue Devils : RHP Albert Holcomb
Batting: RHB Doug Bell 0-0: Swinging Strike
0-1: Ball
1-1: SINGLE (Flyball, 56D)
Batting: RHB Mike Harris 0-0: 2-RUN HOME RUN (Flyball, 89XD), Distance : 384 ft
Batting: RHB Michael Harris 0-0: Ball
1-0: SINGLE (Groundball, 34D)
Batting: RHB Scott Cabrera 0-0: Ball
1-0: Reached on error, E9 (Flyball, 9S)
Michael Harris to second
Batting: RHB Justin Tomlinson 0-0: Ball
1-0: Swinging Strike
1-1: Foul Ball, location: 2F
1-2: Ball
2-2: Ball
3-2: Foul Ball, location: 2F
3-2: Base on Balls
Michael Harris to third
Scott Cabrera to second
Batting: RHB Troy Legge 0-0: Ball
1-0: Foul Ball, location: 2F
1-1: Called Strike
1-2: Strikes out swinging
Batting: RHB Victor Gilbert 0-0: Ball
1-0: Foul Ball, location: 2F
1-1: Foul Ball, location: 2F
1-2: Fly out, F9 (Flyball, 9S)
Batting: RHB Bobby Hendricks 0-0: Ball
1-0: Ball
2-0: DOUBLE (Flyball, 89D)
Michael Harris scores
Scott Cabrera scores
Justin Tomlinson to third
Runner from 3rd tries for Home, SAFE, no throw
Pitching: RHP James King
Batting: RHB James Everhart 0-0: Ball
1-0: Called Strike
1-1: Ball
2-1: Fly out, F7 (Flyball, 7S)
Top of the 7th over - 5 run(s), 4 hit(s), 1 error(s), 1 left on base; Louisville 11 - Duke 0
BOTTOM OF THE 7TH
Duke Blue Devils batting - Pitching for Louisville Cardinals : RHP Adam Lawson
Pitching: LHP Eric Knox
Batting: LHB Francisco Ríos 0-0: Ball
1-0: Ball
2-0: Foul Ball, location: 2F
2-1: Foul Ball, location: 2F
2-2: Ball
3-2: Fly out, F7 (Flyball, 7)
Batting: LHB Dennis King 0-0: Swinging Strike
0-1: Ball
1-1: Called Strike
1-2: Strikes out swinging
Batting: RHB Peter Hernández 0-0: Swinging Strike
0-1: Swinging Strike
0-2: Ball
1-2: Fly out, F9 (Flyball, 9S)
Bottom of the 7th over - 0 run(s), 0 hit(s), 0 error(s), 0 left on base; Louisville 11 - Duke 0
TOP OF THE 8TH
Louisville Cardinals batting - Pitching for Duke Blue Devils : RHP James King
Batting: RHB Doug Bell 0-0: Ball
1-0: Ball
2-0: Called Strike
Error on foul ball, E2
2-2: SINGLE (Groundball, 6MD)
Batting: RHB Mike Harris 0-0: Ball
1-0: Called Strike
1-1: Called Strike
1-2: Ball
2-2: Ball
3-2: Strikes out swinging
Doug Bell steals 2nd base
Batter strikes out.
Batting: RHB Michael Harris 0-0: Foul Ball, location: 2F
0-1: Ball
1-1: Ball
2-1: Ball
3-1: Called Strike
3-2: Foul Ball, location: 2F
3-2: Foul Ball, location: 2F
3-2: Ground out 6-3 (Groundball, 6)
Batting: RHB Scott Cabrera 0-0: Called Strike
0-1: Fly out, F7 (Flyball, 7)
Top of the 8th over - 0 run(s), 1 hit(s), 1 error(s), 1 left on base; Louisville 11 - Duke 0
BOTTOM OF THE 8TH
Duke Blue Devils batting - Pitching for Louisville Cardinals : LHP Eric Knox
Batting: RHB Randall Walker 0-0: Called Strike
0-1: Swinging Strike
0-2: Ball
1-2: Ball
2-2: Ball
3-2: Foul Ball, location: 2F
3-2: Base on Balls
Batting: LHB Cade Brown 0-0: Ball
1-0: Fly out, F7 (Flyball, 7LMF)
Batting: RHB Danny Morrison 0-0: Called Strike
0-1: Ball
1-1: Foul Ball, location: 2F
1-2: Strikes out looking
Batting: RHB Bob Ferguson 0-0: Ball
1-0: Ball
2-0: Called Strike
2-1: Called Strike
2-2: Strikes out looking
Bottom of the 8th over - 0 run(s), 0 hit(s), 0 error(s), 1 left on base; Louisville 11 - Duke 0
TOP OF THE 9TH
Louisville Cardinals batting - Pitching for Duke Blue Devils : RHP James King
Batting: RHB Justin Tomlinson 0-0: Fly out, F8 (Line Drive, 78D)
Batting: RHB Troy Legge 0-0: Called Strike
0-1: Fly out, F7 (Flyball, 78M)
Batting: RHB Victor Gilbert 0-0: Called Strike
0-1: Ball
1-1: Called Strike
1-2: Foul Ball, location: 2F
1-2: Ball
2-2: Ball
3-2: Strikes out swinging
Top of the 9th over - 0 run(s), 0 hit(s), 0 error(s), 0 left on base; Louisville 11 - Duke 0
BOTTOM OF THE 9TH
Duke Blue Devils batting - Pitching for Louisville Cardinals : LHP Eric Knox
Now at 2B: George Richards
Batting: SHB Tomás Sánchez 0-0: SINGLE (Groundball, 6MD)
Batting: RHB Matt Osborne 0-0: Ball
1-0: Ball
2-0: Ball
3-0: Base on Balls
Tomás Sánchez to second
Batting: LHB Francisco Ríos 0-0: SINGLE (Line Drive, 4MD)
Tomás Sánchez to third
Matt Osborne to second
Runner from 3rd tries for Home, SAFE, no throw
Batting: LHB Dennis King 0-0: Ball
1-0: Called Strike
1-1: Ball
2-1: Ball
3-1: Called Strike
3-2: Base on Balls
Matt Osborne to third
Francisco Ríos to second
Batting: RHB Peter Hernández 0-0: Called Strike
0-1: Ball
1-1: Foul Ball, location: 2F
1-2: Ball
2-2: Ball
3-2: Base on Balls
Matt Osborne scores
Francisco Ríos to third
Dennis King to second
Batting: RHB Randall Walker 0-0: Ball
1-0: Swinging Strike
1-1: Swinging Strike
1-2: Grounds into double play, 5-4-3 (Groundball, 5)
Francisco Ríos scores
Dennis King to third
Pitching: RHP José Medina
Batting: LHB Cade Brown 0-0: Ball
1-0: Fly out, F2 (Popup, 4S)
Bottom of the 9th over - 3 run(s), 2 hit(s), 0 error(s), 1 left on base; Louisville 11 - Duke 3
Thursday, March 30th, 2017 - OOTP Baseball 17.12 Build 75